cohdb
Replays
Latest Replays
All Replays
Popular Replays
Top Player Replays
Match Explorer
How It Works
Community
CoH3 Stats
Reddit
Sign in to upload your games and track your stats! →
Sign in with Steam
Match 44023889
Unlisted
Match 44023889
Overview
Messages
Build Orders
End
Construct Section Command Post
Vickers Machine Gun Team
Infantry Section
Selects Air and Sea Battlegroup
Vickers Machine Gun Team
ML 3-inch Mortar Team
ML 3-inch Mortar Team
Infantry Section
Construct Platoon Command Post
Selects Commando Section Paradrop
Selects Commando Support Section Paradrop
6-pounder Anti-tank Gun Team
Commando Section Paradrop
Selects Supply Surplus
Selects UNKNOWN (223837)
Infantry Section
Infantry Training
Commando Section Paradrop
Commando Section Paradrop
6-pounder Anti-tank Gun Team
Commando Section Paradrop
Freeb
4amAikidoWarrior
Gaius Julius Caesar
Joraad
Skull Throne
Sniffles213
0
0
Comments
sign in to comment!
No comments posted yet!